 Dungeon Crawl Stone Soup version 0.29.1-15-g9cfb28693d (webtiles) character file.

Game seed: 6764434232785056106

1 BabyfaceFinlayson the Firebug (level 1, -1/16 HPs)
             Began as an Ogre Fire Elementalist on Mar 5, 2023.
             Slain by a ball python (2 damage)
             ... on level 1 of the Dungeon.
             The game lasted 00:00:32 (50 turns).

BabyfaceFinlayson the Firebug (OgFE)                  Turns: 50, Time: 00:00:33

Health: -1/16      AC:  3    Str: 11    XL:     1   Next: 20%
Magic:  1/3        EV:  9    Int: 16    God:
Gold:   0          SH:  0    Dex:  9    Spells: 3/4 levels left

rFire   . . .      SeeInvis .   (no weapon)
rCold   . . .      Faith    .   (no shield)
rNeg    . . .      Spirit   .   a - +0 robe
rPois   .          Reflect  .   (helmet restricted)
rElec   .          Harm     .   (no cloak)
rCorr   .          Rampage  .   (gloves unavailable)
Will    .....                   (boots unavailable)
Stlth   +.........              (no amulet)
HPRegen 0.05/turn               (no ring)
MPRegen 0.08/turn               (no ring)

@: no status effects
A: large, unfitting armour, tough skin 1
a: no special abilities


You were on level 1 of the Dungeon.
You visited 1 branch of the dungeon, and saw 1 of its levels.

Inventory:

Armour
 a - a +0 robe (worn)


   Skills:
 + Level 1.9 Dodging
 + Level 1.4 Stealth
 + Level 2.4 Spellcasting
 + Level 0.8 Conjurations
 + Level 2.6 Fire Magic


You had 3 spell levels left.
You knew the following spells:

 Your Spells              Type           Power      Damage    Failure   Level
a - Foxfire               Conj/Fire      28%        2x1d5     10%         1

Your spell library contained the following spells:

 Spells                   Type           Power      Damage    Failure   Level
 Scorch                   Fire           20%        2d6       10%         2
 Conjure Flame            Conj/Fire      7%         6-21      28%         3
 Inner Flame              Hex/Fire       6%         N/A       34%         3
 Flame Wave               Conj/Fire      7%         2d5       67%         4


Dungeon Overview and Level Annotations

Branches:
Dungeon (1/15)

Altars:


Innate Abilities, Weirdness & Mutations

You are too large for most types of armour.
You have tough skin. (AC +1)


Message History

Casting: Foxfire (safe; 10% risk of failure)
Confirm with . or Enter, or press ? or * to list all spells.
You conjure some foxfire!
The bat closely misses you. The ball python closely misses you.
The bat hits you. The giant cockroach closely misses you. The bat hits you.
The ball python bites you.
The foxfire hits the hobgoblin but does no damage.
The foxfire hits the bat.
The bat is severely wounded.
The bat hits you but does no damage. x2
The giant cockroach bites you but does no damage.
The ball python bites you. The hobgoblin barely misses you.
Casting: Foxfire (safe; 10% risk of failure)
Confirm with . or Enter, or press ? or * to list all spells.
You conjure some foxfire!
The bat hits you but does no damage. x2
The giant cockroach barely misses you.
The ball python bites you but does no damage.
The giant cockroach completely misses you.
The hobgoblin barely misses you. The endoplasm hits you.
The foxfire hits the bat.
You kill the bat!
The ball python misses you. The giant cockroach barely misses you.
The hobgoblin hits you but does no damage.
The endoplasm hits you.
The ball python attacks as you move away!
The ball python bites you but does no damage.
The endoplasm attacks as you move away! The endoplasm hits you.
The giant cockroach bites you.
* * * LOW HITPOINT WARNING * * *
You see here a bat corpse.
The hobgoblin attacks as you move away!
The hobgoblin hits you but does no damage.
The giant cockroach bites you but does no damage.
The ball python bites you.
* * * LOW HITPOINT WARNING * * *
The giant cockroach attacks as you move away!
The giant cockroach bites you but does no damage.
The ball python attacks as you move away!
The ball python bites you.
You die...

#...##.##............
#......##....######..
#......####.####
#⌠..>..# #.##..
######## #..#.#
##.#.# #.#.# #...#
#.@## #SB# #Jg# #.r#
..........#
............#
..[............
............###
...........##


You could see an endoplasm, a giant cockroach, a hobgoblin, a ball python and a
rat.

Vanquished Creatures
  A bat (D:1)
1 creature vanquished.

Vanquished Creatures (others)
  7 foxfires (D:1)
7 creatures vanquished.

Grand Total: 8 creatures vanquished

Notes
Turn   | Place    | Note
-------+----------+-------------------------------------------
     0 | D:1      | BabyfaceFinlayson the Ogre Fire Elementalist began the
                  | quest for the Orb.
     0 | D:1      | Reached XP level 1. HP: 16/16 MP: 3/3
    50 | D:1      | Slain by a ball python

Illustrated notes

Levels and vault maps discovered:
D:1:      amcnicky_arrival_flooded_fountain, layout_rooms,
          dreamdust_ecumenical_altar_angels_and_demons

Action                   || total
-------------------------++-------
 Cast: Foxfire           ||     5
  Use: Potion            ||     1
Armor: Robe              ||    15
Dodge: Dodged            ||    16
